TOP OF THE 1ST |
Mahoning Valley Scrappers batting - Pitching for Minnesota (NYP) Twins : RHP Josh Halvorson
|
Pitching: RHP Josh Halvorson
|
|
Batting: RHB Jonathan Underhill
|
0-0: Ball 1-0: Called Strike 1-1: Swinging Strike 1-2: Foul Ball, location: 2F 1-2: Foul Ball, location: 2F 1-2: Ball 2-2: Foul Ball, location: 2F 2-2: Foul Ball, location: 2F 2-2: Ball 3-2: Base on Balls
|
Batting: RHB Koen van Oort
|
0-0: Ball Passed Ball! Jonathan Underhill to second 1-0: Called Strike 1-1: Ground out U3 (Groundball, 34S, EV 88.1 MPH) Jonathan Underhill to third
|
Batting: RHB Mike Sims
|
0-0: Ball 1-0: Ball 2-0: Called Strike 2-1: Hit by Pitch
|
Batting: SHB Charlie Diesel
|
0-0: Ball 1-0: Ball 2-0: Called Strike 2-1: Fly out, F8 (Flyball, 8LM, EV 93.1 MPH) Runner from 3rd tags up, SCORES, throw by CF
|
Batting: LHB Tommy Williams
|
0-0: Ball Mike Sims steals 2nd, throwing error, E2 Mike Sims to third 1-0: Ball 2-0: Ball 3-0: Called Strike 3-1: Ground out 6-3 (Groundball, 56, EV 105.6 MPH)
|
Top of the 1st over - 1 run, 0 hits, 1 error, 1 left on base; Mahoning Valley 1 - Minnesota (NYP) 0 |
BOTTOM OF THE 1ST |
Minnesota (NYP) Twins batting - Pitching for Mahoning Valley Scrappers : RHP Mario Trujillo
|
Pitching: RHP Mario Trujillo
|
|
Batting: LHB Chris Munguia
|
0-0: Ball 1-0: Fly out, F9 (Line Drive, 9, EV 107.5 MPH)
|
Batting: LHB Seung-jun Chang
|
0-0: Ball 1-0: Ball 2-0: Ball 3-0: Base on Balls
|
Batting: RHB Sean Gould
|
0-0: Ball Seung-jun Chang steals 2nd base (no throw) 1-0: Foul Ball, location: 2F 1-1: Ball 2-1: Foul Ball, location: 2F 2-2: Foul Ball, location: 2F 2-2: Ball 3-2: TRIPLE (Flyball, 78XD, EV 99.4 MPH) Seung-jun Chang scores
|
Batting: RHB Jose Nunez
|
0-0: Ball 1-0: SINGLE (Line Drive, 8RS, EV 93.1 MPH) Sean Gould scores
|
Batting: RHB David Nardone
|
0-0: Ball 1-0: SINGLE (Groundball, 34D, EV 99.4 MPH) Jose Nunez to second Runner from 2nd tries for 3rd, SAFE, throw by RF made at trailing runner, OUT! 9-6
|
Batting: RHB Michael McDonald
|
0-0: Ball 1-0: Ball 2-0: Swinging Strike 2-1: Ball 3-1: SINGLE (Flyball, 6MD, EV 87.5 MPH) Jose Nunez scores
|
Batting: RHB Graham Calvert
|
0-0: Called Strike 0-1: 2-RUN HOME RUN (Line Drive, 7D, EV 100.6 MPH), Distance : 399 ft
|
Batting: RHB Tony Crespo
|
0-0: Ball 1-0: Ball 2-0: Called Strike 2-1: Ball 3-1: Base on Balls
|
Batting: RHB Ruben Torres
|
0-0: Called Strike Tony Crespo steals 2nd base 0-1: Ball 1-1: Ball 2-1: Ball 3-1: 2-RUN HOME RUN (Flyball, 78XD, EV 103.8 MPH), Distance : 437 ft
|
Batting: LHB Chris Munguia
|
0-0: Called Strike 0-1: Ball 1-1: Foul Ball, location: 2F 1-2: Ball 2-2: Foul Ball, location: 2F 2-2: SINGLE (Groundball, 4MD, EV 100.6 MPH)
|
Batting: LHB Seung-jun Chang
|
0-0: Ball Chris Munguia steals 2nd base 1-0: Ball 2-0: Ball 3-0: Base on Balls
|
Batting: RHB Sean Gould
|
0-0: Ball Wild Pitch! Chris Munguia to third Seung-jun Chang to second 1-0: Called Strike 1-1: Ball 2-1: Ball Passed Ball! Chris Munguia scores Seung-jun Chang to third 3-1: Foul Ball, location: 2F 3-2: Foul Ball, location: 2F 3-2: Foul Ball, location: 2F 3-2: Foul Ball, location: 2F 3-2: Foul Ball, location: 2F 3-2: Foul Ball, location: 2F 3-2: Base on Balls
|
Pitching: RHP Andy White
|
|
Batting: RHB Jose Nunez
|
0-0: Ball 1-0: Ball 2-0: SINGLE (Line Drive, 8LS, EV 110.6 MPH) Seung-jun Chang scores Sean Gould to second
|
Batting: RHB David Nardone
|
0-0: Called Strike 0-1: Ball 1-1: SINGLE (Line Drive, 7S, EV 106.2 MPH) Sean Gould to third Jose Nunez to second Runner from 3rd tries for Home, SAFE, throw by LF to home
|
Batting: RHB Michael McDonald
|
0-0: Called Strike 0-1: Fly out, F7 (Line Drive, 7, EV 89.4 MPH)
|
Bottom of the 1st over - 10 runs, 9 hits, 0 errors, 2 left on base; Mahoning Valley 1 - Minnesota (NYP) 10 |
TOP OF THE 2ND |
Mahoning Valley Scrappers batting - Pitching for Minnesota (NYP) Twins : RHP Josh Halvorson
|
Batting: RHB Santos Guadalupe
|
0-0: Foul Ball, location: 2F 0-1: Ball 1-1: Fly out, F4 (Flyball, 4MD, EV 83.8 MPH)
|
Batting: RHB Jorge Valles
|
0-0: Called Strike 0-1: Ball 1-1: Swinging Strike 1-2: Strikes out swinging
|
Batting: RHB Zachary Sidney
|
0-0: Ball 1-0: Ball 2-0: Called Strike 2-1: Swinging Strike 2-2: Strikes out swinging
|
Top of the 2nd over - 0 runs, 0 hits, 0 errors, 0 left on base; Mahoning Valley 1 - Minnesota (NYP) 10 |
BOTTOM OF THE 2ND |
Minnesota (NYP) Twins batting - Pitching for Mahoning Valley Scrappers : RHP Andy White
|
Batting: RHB Graham Calvert
|
0-0: Ball 1-0: Swinging Strike 1-1: Fly out, F8 (Line Drive, 8RD, EV 91.2 MPH)
|
Batting: RHB Tony Crespo
|
0-0: Ball 1-0: Foul Ball, location: 2F 1-1: Fly out, F9 (Line Drive, 9, EV 90.6 MPH)
|
Batting: RHB Ruben Torres
|
0-0: Ball 1-0: Called Strike 1-1: Fly out, F8 (Flyball, 8RD, EV 100.0 MPH)
|
Bottom of the 2nd over - 0 runs, 0 hits, 0 errors, 0 left on base; Mahoning Valley 1 - Minnesota (NYP) 10 |
TOP OF THE 3RD |
Mahoning Valley Scrappers batting - Pitching for Minnesota (NYP) Twins : RHP Josh Halvorson
|
Batting: RHB Nelson Trujillo
|
0-0: Foul Ball, location: 2F 0-1: Ball 1-1: Fly out, F8 (Flyball, 8RD, EV 96.2 MPH)
|
Batting: RHB Jonathan Underhill
|
0-0: Swinging Strike 0-1: Ball 1-1: Swinging Strike 1-2: Foul Ball, location: 2F 1-2: Strikes out looking
|
Batting: RHB Koen van Oort
|
0-0: Called Strike 0-1: Swinging Strike 0-2: Ball 1-2: Strikes out swinging
|
Top of the 3rd over - 0 runs, 0 hits, 0 errors, 0 left on base; Mahoning Valley 1 - Minnesota (NYP) 10 |
BOTTOM OF THE 3RD |
Minnesota (NYP) Twins batting - Pitching for Mahoning Valley Scrappers : RHP Andy White
|
Batting: LHB Chris Munguia
|
0-0: Ball 1-0: Called Strike 1-1: Called Strike 1-2: Ball 2-2: Foul Ball, location: 2F 2-2: Fly out, F6 (Popup, 6, EV 63.1 MPH)
|
Batting: LHB Seung-jun Chang
|
0-0: Ball 1-0: Ball 2-0: Called Strike 2-1: Foul Ball, location: 2F 2-2: Ball 3-2: Fly out, F8 (Flyball, 8RM, EV 90.6 MPH)
|
Batting: RHB Sean Gould
|
0-0: Foul Ball, location: 2F 0-1: Ground out 5-3 (Groundball, 15, EV 81.2 MPH)
|
Bottom of the 3rd over - 0 runs, 0 hits, 0 errors, 0 left on base; Mahoning Valley 1 - Minnesota (NYP) 10 |
TOP OF THE 4TH |
Mahoning Valley Scrappers batting - Pitching for Minnesota (NYP) Twins : RHP Josh Halvorson
|
Batting: RHB Mike Sims
|
0-0: Foul Ball, location: 2F 0-1: Foul Ball, location: 2F 0-2: Ball 1-2: SINGLE (Groundball, 6D, EV 96.2 MPH)
|
Batting: SHB Charlie Diesel
|
0-0: Called Strike Mike Sims steals 2nd base (no throw) 0-1: Ball 1-1: Called Strike 1-2: Ball 2-2: Ball 3-2: Strikes out swinging
|
Batting: LHB Tommy Williams
|
0-0: Called Strike 0-1: Ball Wild Pitch! Mike Sims to third 1-1: Ball 2-1: Ball 3-1: Called Strike 3-2: Ground out 4-3 (Groundball, 4, EV 85.6 MPH) Mike Sims scores
|
Batting: RHB Santos Guadalupe
|
0-0: Ball 1-0: Ball 2-0: Ball 3-0: Called Strike 3-1: Base on Balls
|
Batting: RHB Jorge Valles
|
0-0: Called Strike 0-1: Swinging Strike 0-2: Ball 1-2: Strikes out looking
|
Top of the 4th over - 1 run, 1 hit, 0 errors, 1 left on base; Mahoning Valley 2 - Minnesota (NYP) 10 |
BOTTOM OF THE 4TH |
Minnesota (NYP) Twins batting - Pitching for Mahoning Valley Scrappers : RHP Andy White
|
Batting: RHB Jose Nunez
|
0-0: Called Strike 0-1: Foul Ball, location: 2F 0-2: Foul Ball, location: 2F 0-2: Ground out U3 (Groundball, 34, EV 108.1 MPH)
|
Batting: RHB David Nardone
|
0-0: Ball 1-0: Called Strike 1-1: Swinging Strike 1-2: SINGLE (Flyball, 6D, EV 88.8 MPH)
|
Batting: RHB Michael McDonald
|
0-0: Ball 1-0: Ball 2-0: Ball 3-0: Called Strike 3-1: Base on Balls David Nardone to second
|
Batting: RHB Graham Calvert
|
0-0: Ball 1-0: Foul Ball, location: 2F 1-1: Ball 2-1: Ball 3-1: Base on Balls David Nardone to third Michael McDonald to second
|
Batting: RHB Tony Crespo
|
0-0: Ball Wild Pitch! David Nardone scores Michael McDonald to third Graham Calvert to second 1-0: Called Strike 1-1: Swinging Strike Balk! Michael McDonald scores Graham Calvert to third 1-2: Ball 2-2: Ball 3-2: Base on Balls
|
Pitching: RHP Zach Robbins
|
|
Batting: RHB Ruben Torres
|
0-0: Ball 1-0: Called Strike 1-1: Ball 2-1: DOUBLE (Line Drive, 7LS, EV 98.8 MPH) Graham Calvert scores Tony Crespo to third Runner from 3rd tries for Home, SAFE, no throw by LF
|
Batting: LHB Chris Munguia
|
0-0: Ball 1-0: Ball 2-0: Called Strike 2-1: Foul Ball, location: 2F 2-2: Ball Wild Pitch! Ruben Torres to third 3-2: Base on Balls
|
Batting: LHB Seung-jun Chang
|
0-0: Ball 1-0: Foul Ball, location: 2F 1-1: Ball 2-1: DOUBLE (Flyball, 8LXD, EV 90.6 MPH) Ruben Torres scores Chris Munguia to third
|
Batting: RHB Sean Gould
|
0-0: Called Strike 0-1: Ball 1-1: Ball 2-1: Called Strike 2-2: Ball Balk! Chris Munguia scores Seung-jun Chang to third 3-2: Base on Balls
|
Batting: RHB Jose Nunez
|
0-0: Ball 1-0: Called Strike 1-1: Called Strike 1-2: Grounds into double play, 5-4-3 (Groundball, 56, EV 84.4 MPH)
|
Bottom of the 4th over - 6 runs, 3 hits, 0 errors, 1 left on base; Mahoning Valley 2 - Minnesota (NYP) 16 |
TOP OF THE 5TH |
Mahoning Valley Scrappers batting - Pitching for Minnesota (NYP) Twins : RHP Josh Halvorson
|
Batting: RHB Zachary Sidney
|
0-0: Ball 1-0: Ball 2-0: Foul Ball, location: 2F 2-1: Foul Ball, location: 2F 2-2: Fly out, F8 (Flyball, 8RD, EV 93.1 MPH)
|
Batting: RHB Nelson Trujillo
|
0-0: Called Strike 0-1: Swinging Strike 0-2: Fly out, F8 (Flyball, 8RM, EV 88.1 MPH)
|
Pitching: RHP Kevin Colgin
|
|
Batting: RHB Jonathan Underhill
|
0-0: Swinging Strike 0-1: Foul Ball, location: 2F 0-2: Foul Ball, location: 2F 0-2: Foul Ball, location: 2F 0-2: Ball 1-2: Ball 2-2: Foul Ball, location: 2F 2-2: Strikes out looking
|
Top of the 5th over - 0 runs, 0 hits, 0 errors, 0 left on base; Mahoning Valley 2 - Minnesota (NYP) 16 |
BOTTOM OF THE 5TH |
Minnesota (NYP) Twins batting - Pitching for Mahoning Valley Scrappers : RHP Zach Robbins
|
Batting: RHB David Nardone
|
0-0: Ball 1-0: Fly out, F8 (Flyball, 8LXD, EV 103.1 MPH)
|
Batting: RHB Michael McDonald
|
0-0: Called Strike 0-1: Ball 1-1: Ball 2-1: Swinging Strike 2-2: Ground out 5-3 (Groundball, 5, EV 86.9 MPH)
|
Batting: RHB Graham Calvert
|
0-0: Called Strike 0-1: Ball 1-1: Called Strike 1-2: Hit by Pitch
|
Batting: RHB Tony Crespo
|
0-0: Fielders Choice at 2nd, 5-4 (Groundball, 5, EV 86.2 MPH)
|
Bottom of the 5th over - 0 runs, 0 hits, 0 errors, 1 left on base; Mahoning Valley 2 - Minnesota (NYP) 16 |
TOP OF THE 6TH |
Mahoning Valley Scrappers batting - Pitching for Minnesota (NYP) Twins : RHP Kevin Colgin
|
Batting: RHB Koen van Oort
|
0-0: Ball 1-0: Foul Ball, location: 2F 1-1: Fly out, F6 (Popup, 6M, EV 66.2 MPH)
|
Batting: RHB Mike Sims
|
0-0: Ball 1-0: Called Strike 1-1: Ball 2-1: Ball 3-1: Called Strike 3-2: Foul Ball, location: 2F 3-2: Foul Ball, location: 2F 3-2: Foul Ball, location: 2F 3-2: Strikes out looking
|
Batting: SHB Charlie Diesel
|
0-0: Called Strike 0-1: Called Strike 0-2: Ball 1-2: Strikes out swinging
|
Top of the 6th over - 0 runs, 0 hits, 0 errors, 0 left on base; Mahoning Valley 2 - Minnesota (NYP) 16 |
BOTTOM OF THE 6TH |
Minnesota (NYP) Twins batting - Pitching for Mahoning Valley Scrappers : RHP Zach Robbins
|
Batting: RHB Ruben Torres
|
0-0: Ball 1-0: DOUBLE (Flyball, 89D, EV 91.9 MPH)
|
Batting: LHB Chris Munguia
|
0-0: Ball 1-0: TRIPLE (Flyball, 78XD, EV 96.2 MPH) Ruben Torres scores
|
Batting: LHB Seung-jun Chang
|
0-0: Ball 1-0: Ball 2-0: Foul Ball, location: 2F 2-1: Fly out, F8 (Flyball, 8LS, EV 90.6 MPH)
|
Batting: RHB Sean Gould
|
0-0: Fly out, F8 (Line Drive, 8LM, EV 95.0 MPH)
|
Batting: RHB Jose Nunez
|
0-0: Swinging Strike 0-1: DOUBLE (Flyball, 8RXD, EV 106.2 MPH) Chris Munguia scores
|
Batting: RHB David Nardone
|
0-0: Ball 1-0: Called Strike 1-1: Ball Wild Pitch! Jose Nunez to third 2-1: Swinging Strike 2-2: Ball 3-2: Base on Balls
|
Pitching: RHP Rob Baker
|
|
Batting: RHB Michael McDonald
|
0-0: Ball 1-0: Ball 2-0: Ball 3-0: Called Strike 3-1: Base on Balls David Nardone to second
|
Batting: RHB Graham Calvert
|
0-0: Ball 1-0: Foul Ball, location: 2F 1-1: Ball 2-1: Ball 3-1: Base on Balls Jose Nunez scores David Nardone to third Michael McDonald to second
|
Batting: RHB Tony Crespo
|
0-0: Fly out, F3 (Popup, 3L, EV 67.5 MPH)
|
Bottom of the 6th over - 3 runs, 3 hits, 0 errors, 3 left on base; Mahoning Valley 2 - Minnesota (NYP) 19 |
TOP OF THE 7TH |
Mahoning Valley Scrappers batting - Pitching for Minnesota (NYP) Twins : RHP Kevin Colgin
|
Batting: LHB Tommy Williams
|
0-0: Called Strike 0-1: Ground out 4-3 (Groundball, 4M, EV 77.5 MPH)
|
Batting: RHB Santos Guadalupe
|
0-0: Called Strike 0-1: Called Strike 0-2: Foul Ball, location: 2F 0-2: Strikes out swinging
|
Batting: RHB Jorge Valles
|
0-0: Foul Ball, location: 2F 0-1: Ball 1-1: Ball 2-1: SINGLE (Line Drive, 34, EV 99.4 MPH)
|
Batting: RHB Zachary Sidney
|
0-0: Hit by Pitch Jorge Valles to second
|
Batting: RHB Nelson Trujillo
|
0-0: Swinging Strike 0-1: Ball 1-1: Foul Ball, location: 2F 1-2: Strikes out looking
|
Top of the 7th over - 0 runs, 1 hit, 0 errors, 2 left on base; Mahoning Valley 2 - Minnesota (NYP) 19 |
BOTTOM OF THE 7TH |
Minnesota (NYP) Twins batting - Pitching for Mahoning Valley Scrappers : RHP Rob Baker
|
Batting: RHB Ruben Torres
|
0-0: Ball 1-0: Called Strike 1-1: Foul Ball, location: 2F 1-2: Fly out, F4 (Flyball, 34D, EV 78.8 MPH)
|
Batting: LHB Chris Munguia
|
0-0: Ball 1-0: Ball 2-0: Ball 3-0: Base on Balls
|
Batting: LHB Seung-jun Chang
|
0-0: Ball 1-0: Called Strike 1-1: Foul Ball, location: 2F 1-2: Foul Ball, location: 2F 1-2: Fielders Choice at 2nd, 3-6 (Groundball, 3, EV 102.5 MPH)
|
Batting: RHB Sean Gould
|
0-0: Called Strike 0-1: Swinging Strike 0-2: Ball 1-2: Ball 2-2: Strikes out swinging
|
Bottom of the 7th over - 0 runs, 0 hits, 0 errors, 1 left on base; Mahoning Valley 2 - Minnesota (NYP) 19 |
TOP OF THE 8TH |
Mahoning Valley Scrappers batting - Pitching for Minnesota (NYP) Twins : RHP Kevin Colgin
|
Batting: RHB Jonathan Underhill
|
0-0: Called Strike 0-1: Ball 1-1: Ball 2-1: Foul Ball, location: 2F 2-2: Foul Ball, location: 2F 2-2: Foul Ball, location: 2F 2-2: SINGLE (Groundball, 56, EV 100.0 MPH) (infield hit)
|
Pitching: RHP Jim Ahlers
|
|
Batting: RHB Koen van Oort
|
0-0: Ball 1-0: Called Strike 1-1: Swinging Strike Balk! Jonathan Underhill to second 1-2: Ground out 4-3 (Groundball, 4, EV 100.0 MPH) Jonathan Underhill to third
|
Batting: RHB Mike Sims
|
0-0: Ball 1-0: Ball 2-0: Called Strike 2-1: Foul Ball, location: 2F 2-2: Ball 3-2: Base on Balls
|
Pinch Hitting: RHB Edite Leoni
|
0-0: Ball 1-0: Swinging Strike 1-1: Ball 2-1: Foul Ball, location: 2F 2-2: Ball 3-2: SINGLE (Line Drive, 7S, EV 93.1 MPH) Jonathan Underhill scores Mike Sims to second
|
Pinch Hitting: RHB Edolf Vlemmings
|
0-0: Ball 1-0: Ball 2-0: Ball 3-0: Base on Balls Mike Sims to third Edite Leoni to second
|
Batting: RHB Santos Guadalupe
|
0-0: Ball 1-0: Fielders Choice at 2nd, 6-4 (Groundball, 6, EV 88.1 MPH) Mike Sims scores Edite Leoni to third
|
Batting: RHB Jorge Valles
|
0-0: Foul Ball, location: 2F 0-1: Ball 1-1: Hit by Pitch Santos Guadalupe to second
|
Batting: RHB Zachary Sidney
|
0-0: Called Strike 0-1: SINGLE (Groundball, 34D, EV 105.6 MPH) Edite Leoni scores Santos Guadalupe to third Jorge Valles to second Runner from 3rd tries for Home, SAFE, throw by RF to home
|
Pinch Hitting: LHB Tibalt Sklavenitis
|
0-0: Called Strike 0-1: Foul Ball, location: 2F 0-2: Foul Ball, location: 2F 0-2: Foul Ball, location: 2F 0-2: Fielders Choice at 2nd, U4 (Groundball, 4M, EV 79.4 MPH)
|
Top of the 8th over - 4 runs, 3 hits, 0 errors, 2 left on base; Mahoning Valley 6 - Minnesota (NYP) 19 |
BOTTOM OF THE 8TH |
Minnesota (NYP) Twins batting - Pitching for Mahoning Valley Scrappers : RHP Rob Baker
|
Now at 1B: Edite Leoni
|
|
Now in LF: Jorge Valles
|
|
Now in CF: Edolf Vlemmings
|
|
Now in RF: Bertrand Preece
|
|
Batting: RHB Jose Nunez
|
0-0: SINGLE (Groundball, 34D, EV 110.6 MPH)
|
Batting: RHB David Nardone
|
0-0: Ball 1-0: Foul Ball, location: 2F 1-1: Swinging Strike 1-2: Ball 2-2: Fly out, F4 (Popup, 4MD, EV 65.0 MPH)
|
Pinch Hitting: RHB Alex Loaiza
|
0-0: Foul Ball, location: 2F 0-1: Ball 1-1: Called Strike 1-2: Strikes out swinging
|
Batting: RHB Graham Calvert
|
0-0: Ball 1-0: Ball 2-0: Ball 3-0: Called Strike 3-1: Base on Balls Jose Nunez to second
|
Batting: RHB Tony Crespo
|
0-0: Ball 1-0: 3-RUN HOME RUN (Flyball, 9LD, EV 91.9 MPH), Distance : 337 ft
|
Batting: RHB Ruben Torres
|
0-0: Ball 1-0: Called Strike 1-1: Ground out 5-3 (Groundball, 5L, EV 109.4 MPH)
|
Bottom of the 8th over - 3 runs, 2 hits, 0 errors, 0 left on base; Mahoning Valley 6 - Minnesota (NYP) 22 |
TOP OF THE 9TH |
Mahoning Valley Scrappers batting - Pitching for Minnesota (NYP) Twins : RHP Jim Ahlers
|
Now at 1B: Alex Loaiza
|
|
Batting: RHB Jonathan Underhill
|
0-0: Called Strike 0-1: Called Strike 0-2: Ground out U3 (Groundball, 3, EV 80.6 MPH)
|
Batting: RHB Koen van Oort
|
0-0: Foul Ball, location: 2F 0-1: Ball 1-1: Ball 2-1: Called Strike 2-2: DOUBLE (Line Drive, 7LM, EV 95.0 MPH)
|
Pitching: RHP Larry Bower
|
|
Batting: RHB Mike Sims
|
0-0: Called Strike 0-1: Called Strike 0-2: Ball 1-2: Ball 2-2: Foul Ball, location: 2F 2-2: Strikes out looking
|
Pinch Hitting: RHB Alex Salerno
|
0-0: Called Strike 0-1: Ground out 4-3 (Groundball, 4, EV 100.6 MPH)
|
Top of the 9th over - 0 runs, 1 hit, 0 errors, 1 left on base; Mahoning Valley 6 - Minnesota (NYP) 22 |
|